Map: Fields of Death

Players

Tenonee

  • Race: Zerg Zerg
  • League: Platinum

lIlIlIlIlIlI

  • Race: Zerg Zerg
  • League: Diamond

McFukitts

  • Race: Protoss Protoss
  • League: Master

ACTARUS

  • Race: Zerg Zerg

VOD

Have the link to the VOD?

Description

Time

  • Played on: July 26, 2016, 6:03 a.m.
  • Length: 8:20
Show
View Real Time Build Order
Export as new Build Order

Tenonee Zerg 

Build Orders: Hatch First 

Get SALT Encoding   

  12  0:01  Drone  
  13  0:14  Overlord  
  13  0:19  Drone  
  14  0:32  Drone x2  
  16  0:42  Drone  
  17  0:47  Drone  
  18  0:59  Hatchery  
  18  1:02  Drone  
  18  1:06  Extractor  
  17  1:19  Spawning Pool  
  16  1:50  Drone x3  
  19  2:09  Roach Warren, Queen  
  19  2:13  Queen  
  22  2:18  Metabolic Boost  
  22  2:32  Overlord  
  22  2:33  Drone x3  
  24  2:55  Roach x3  
  24  2:56  Roach  
  32  3:00  Overlord  
  32  3:07  Drone x2  
  32  3:10  Drone  
  35  3:24  Drone x3  
  35  3:25  Drone x2  
  40  3:33  Overlord  
  40  3:39  Drone  
  40  3:40  Drone x2  
  43  3:52  Roach x3  
  43  3:53  Roach  
  51  3:58  Overlord  
  51  4:11  Spore Crawler  
  51  4:13  Drone x2, Spore Crawler  
  51  4:16  Drone x3  
  54  4:27  Lair  
  54  4:38  Drone, Extractor  
  54  4:39  Drone x3  
  54  4:41  Drone x3  
  54  4:44  Extractor  
  54  4:45  Overlord  
  59  4:47  Extractor  
  58  5:00  Zergling x2  
  59  5:08  Roach x4  
  59  5:12  Overlord x3  
  67  5:28  Overseer  
  67  5:29  Glial Reconstitution  
  67  5:35  Roach x3  
  73  5:46  Roach  
  73  5:47  Roach x4  
  73  5:49  Overlord x2  
  67  6:07  Roach  
  67  6:08  Roach x4  
  67  6:13  Roach  
  67  6:17  Roach  
  71  6:22  Roach  
  73  6:26  Queen  
  73  6:31  Roach x2  
  79  6:41  Roach x2  
  79  6:44  Pneumatized Carapace  
  79  6:46  Roach  
  81  6:59  Roach x2  
  81  7:00  Roach x4  
  87  7:12  Roach x3  
  83  7:27  Roach x5  
  91  7:31  Overlord  
  91  7:32  Overlord x2  
  77  7:40  Roach  
  77  7:41  Roach  
  79  7:45  Roach  
  75  7:53  Roach x2  
  75  7:54  Roach x4  
  73  7:59  Roach x2  
Show
View Real Time Build Order
Export as new Build Order

lIlIlIlIlIlI Zerg 

Build Orders: Hatch First 

Get SALT Encoding   

  12  0:02  Drone  
  13  0:08  Drone  
  14  0:19  Overlord  
  14  0:28  Extractor  
  14  0:29  Drone  
  14  0:30  Extractor, Drone  
  16  0:38  Drone  
  17  0:49  Drone  
  18  0:55  Drone  
  19  1:04  Extractor  
  18  1:05  Hatchery  
  18  1:06  Drone  
  18  1:17  Drone  
  19  1:26  Spawning Pool  
  18  1:36  Drone  
  19  1:47  Overlord  
  19  1:49  Drone  
  20  2:00  Drone  
  21  2:18  Drone x2  
  21  2:19  Queen x2  
  21  2:21  Metabolic Boost  
  27  2:26  Drone  
  28  2:36  Drone x2  
  30  2:38  Drone  
  30  2:43  Drone  
  32  2:57  Hatchery  
  31  3:02  Drone x2  
  31  3:03  Drone  
  34  3:15  Evolution Chamber  
  33  3:26  Drone x3  
  36  3:28  Roach Warren, Overlord x2  
  35  3:43  Drone  
  35  3:45  Overlord x2  
  35  3:47  Drone x2  
  35  3:48  Drone  
  39  3:50  Zerg Missile Weapons Level 1  
  39  4:03  Spine Crawler  
  39  4:05  Drone x5  
  39  4:06  Drone  
  44  4:15  Spine Crawler, Spore Crawler  
  42  4:20  Queen  
  44  4:32  Drone  
  44  4:33  Drone x5  
  50  4:40  Drone x4  
  50  4:41  Drone  
  55  4:51  Drone x3  
  55  4:52  Drone x3  
  61  4:55  Extractor  
  61  4:56  Extractor  
  59  5:01  Lair  
  59  5:06  Extractor, Zergling x12  
  64  5:11  Roach x2  
  66  5:15  Roach  
  68  5:26  Overlord x4  
  68  5:29  Burrow  
  68  5:33  Spine Crawler  
  67  5:49  Ravager x2  
  70  5:50  Ravager  
  61  6:04  Roach  
  61  6:05  Roach x3  
  64  6:14  Zergling x16  
  68  6:31  Zergling x2  
  68  6:32  Zergling x4  
  61  6:44  Zergling x4  
  61  6:45  Zergling x2  
  58  7:00  Zergling x4  
  58  7:08  Roach x2  
  50  7:16  Hatchery  
  50  7:22  Zergling x4  
  52  7:25  Spine Crawler  
  52  7:26  Spine Crawler  
  52  7:27  Spine Crawler  
  52  7:29  Spine Crawler  
  45  7:30  Spine Crawler  
  45  7:31  Zergling x2  
  42  7:51  Zergling x6  
  41  8:00  Hatchery  
Show
View Real Time Build Order
Export as new Build Order

McFukitts Protoss 

Build Orders: 1 Gate Expand, Blink Stalkers, Dark Templar Rush 

Get SALT Encoding   

  12  0:01  Probe (Chrono Boost)  
  13  0:11  Probe (Chrono Boost)  
  14  0:20  Pylon  
  14  0:22  Probe (Chrono Boost)  
  15  0:38  Probe (Chrono Boost)  
  15  0:39  Gateway  
  16  0:49  Probe (Chrono Boost)  
  17  0:51  Assimilator  
  17  0:55  Assimilator  
  17  0:59  Probe (Chrono Boost)  
  18  1:09  Gateway  
  18  1:19  Pylon  
  18  1:21  Probe (Chrono Boost)  
  19  1:27  Cybernetics Core  
  19  1:32  Probe (Chrono Boost), Nexus  
  20  1:35  Pylon x2  
  20  1:42  Probe (Chrono Boost)  
  21  1:47  Cybernetics Core  
  21  1:52  Gateway  
  21  1:53  Probe (Chrono Boost)  
  22  1:54  Gateway  
  22  2:00  Warp Gate  
  22  2:04  Probe (Chrono Boost), Stalker x2  
  28  2:16  Probe (Chrono Boost)  
  28  2:29  Probe (Chrono Boost)  
  29  2:32  Gateway  
  29  2:36  Gateway  
  29  2:37  Twilight Council  
  29  2:40  Robotics Facility  
  30  2:44  Probe x2 (Chrono Boost)  
  31  2:55  Probe (Chrono Boost)  
  31  2:56  Probe (Chrono Boost)  
  33  2:58  Stalker x2  
  33  3:05  Probe (Chrono Boost), Assimilator  
  38  3:08  Probe (Chrono Boost)  
  38  3:10  Assimilator  
  39  3:16  Probe (Chrono Boost)  
  39  3:19  Blink  
  41  3:20  Probe (Chrono Boost), Stalker  
  41  3:23  Warp Prism  
  41  3:26  Probe (Chrono Boost)  
  44  3:32  Probe (Chrono Boost)  
  47  3:37  Probe (Chrono Boost)  
  48  3:45  Probe (Chrono Boost)  
  48  3:46  Dark Shrine  
  48  3:47  Probe (Chrono Boost)  
  51  3:57  Probe (Chrono Boost)  
  51  3:58  Probe (Chrono Boost)  
  51  4:02  Pylon  
  52  4:04  Pylon  
  52  4:05  Pylon  
  52  4:07  Probe (Chrono Boost)  
  52  4:08  Probe (Chrono Boost)  
  54  4:10  Sentry x3  
  54  4:11  Sentry  
  62  4:19  Gateway  
  62  4:20  Probe (Chrono Boost)  
  62  4:21  Probe (Chrono Boost), Observer  
  62  4:22  Gateway  
  65  4:25  Gateway  
  65  4:27  Pylon  
  65  4:30  Pylon  
  65  4:32  Pylon  
  65  4:43  Stalker x3  
  65  4:44  Stalker x3  
  77  5:07  Resonating Glaives  
  77  5:14  Stalker x2  
  77  5:15  Stalker x4  
  77  5:19  Immortal  
  93  5:41  Dark Templar x3  
  99  5:43  Zealot x3  
  101  5:59  Immortal  
  91  6:11  Stalker x3  
  91  6:12  Stalker x3  
  99  6:32  Adept x3  
  87  7:00  Stalker x5  
  97  7:02  Stalker  
  97  7:03  Zealot x2, Stalker  
  102  7:16  Probe (Chrono Boost)  
  100  7:31  Stalker  
  100  7:32  Stalker x4  
  100  7:33  Stalker x3  
  109  7:56  Pylon  
  109  7:57  Stalker  
  109  7:58  Pylon  
  109  8:00  Pylon  
  109  8:05  Stalker  
  105  8:13  Zealot x2  
  105  8:14  Zealot x4  
  105  8:15  Zealot  
Show
View Real Time Build Order
Export as new Build Order

ACTARUS Zerg 

Build Orders:  

Get SALT Encoding   

  12  0:49  Drone x2  
  14  1:17  Overlord  
  14  1:43  Drone x3  
  17  2:15  Drone x2  
  19  2:50  Drone x3  
  22  2:54  Extractor  
  22  2:56  Extractor  
  20  3:08  Drone  
  21  3:52  Drone  
  18  5:29  Hatchery  
Tags
 
Add a new tag
Caveats
  • Supply blocks, unpowered buildings, or Contaminate may cause inaccurate times.
  • Supply counts are checked every 10 seconds.